 Dungeon Crawl Stone Soup version 0.19-b1-3-g7dea586 (webtiles) character file.

50 dorian the Unweaver (level 3, 0/29 HPs)
             Began as a Demonspawn Abyssal Knight on Oct 28, 2016.
             Was a Follower of Lugonu.
             Killed from afar by Natasha (11 damage)
             ... with a magic dart
             ... on level 2 of the Dungeon.
             The game lasted 00:01:36 (1047 turns).

dorian the Unweaver (Demonspawn Abyssal Knight)     Turns: 1047, Time: 00:01:36

Health: 0/29       AC:  6    Str: 13    XL:     3   Next: 55%
Magic:  5/5        EV:  9    Int: 13    God:    Lugonu [*.....]
Gold:   37         SH:  0    Dex: 14    Spells: 0 memorised, 2 levels left

rFire  . . .     SeeInvis .     a - +1 falchion
rCold  + . .     Gourm    .     f - +0 scale mail
rNeg   . . .     Faith    .     (no shield)
rPois  .         Spirit   .     (helmet restricted)
rElec  .         Reflect  .     (no cloak)
rCorr  .         Harm     .     (no gloves)
MR     .....                    (no boots)
Stlth  +.........               (no amulet)
                                (no ring)
                                i - ring of protection from cold

@: no status effects
A: antennae 1, thin skeletal structure 1
a: Depart the Abyss, Renounce Religion


You were on level 2 of the Dungeon.
You worshipped Lugonu.
Lugonu was aware of your devotion.
You were hungry.

You visited 1 branch of the dungeon, and saw 2 of its levels.
You visited the Abyss 1 time.

You collected 37 gold pieces.

Inventory:

Hand Weapons
 a - a +1 falchion (weapon)
Missiles
 e - 26 stones (quivered)
Armour
 b - a +0 leather armour
 f - a +0 scale mail (worn)
Jewellery
 i - a ring of protection from cold (left hand)
Scrolls
 g - a scroll of identify {unknown}
 k - a scroll of amnesia {unknown}
Potions
 h - a potion of haste {unknown}
 l - a potion of cure mutation {unknown}
Comestibles
 c - a bread ration
 d - a meat ration
 j - 3 fruits


   Skills:
 - Level 3.0 Fighting
 + Level 2.9 Long Blades
 - Level 1.7 Armour
 - Level 0.8 Dodging
 + Level 3.9 Invocations


You had 2 spell levels left.
You didn't know any spells.

Dungeon Overview and Level Annotations

Branches:
Dungeon (2/15)

Altars:

Annotations:
D:2 Natasha


Innate Abilities, Weirdness & Mutations

You have a pair of small antennae on your head.
You have a somewhat thin skeletal structure. (Dex +2, Stealth)


Message History

Natasha is almost dead.
The crimson imp completely misses you.
You riposte.
You barely miss the crimson imp. Natasha claws you.
The rat bites you but does no damage.
You hit Natasha but do no damage.
Natasha is almost dead.
The crimson imp hits you.
Natasha wildly gestures.
You feel troubled. Natasha claws you. The rat bites you but does no damage.
You hit Natasha.
Natasha is almost dead.
The crimson imp hits you but does no damage.
Natasha claws you. The rat completely misses you.
The crimson imp hits you but does no damage.
You hit Natasha but do no damage.
Natasha is almost dead.
Natasha casts a spell at you. The magic dart hits you!
You die...

.......... ........##.
#.......... .....#...
###....(.###
.......#... #5h.......
#.@r..# . #.....#.....$
##.##........ #.#
.......# ##.#........#
#....#......#
###...........####..
####.....######........
#....##...###..[#!###.


You could see Natasha, a crimson imp and a rat.

Vanquished Creatures
  Jessica (D:2)
  2 dart slugs (D:1)
  A giant cockroach (D:1)
  2 goblins (D:1)
  2 hobgoblins (D:1)
  4 jackals (D:1)
  A ball python (D:2)
  6 bats (D:1)
  A kobold (D:1)
  A rat (D:1)
21 creatures vanquished.

Notes
Turn   | Place    | Note
-------+----------+-------------------------------------------
     0 | Abyss:1  | dorian the Demonspawn Abyssal Knight began the quest for the Orb.
     0 | Abyss:1  | Reached XP level 1. HP: 18/18 MP: 2/2
   148 | Abyss:1  | Noticed a wretched star
   148 | D:1      | Escaped the Abyss
   250 | D:1      | Reached * piety under Lugonu
   260 | D:1      | Gained mutation: You have a somewhat thin skeletal structure. (Dex +2, Stealth) [demonic ancestry]
   260 | D:1      | Reached XP level 2. HP: 11/24 MP: 4/4
   979 | D:2      | Noticed Jessica
   991 | D:2      | Killed Jessica
   991 | D:2      | Gained mutation: You have a pair of small antennae on your head. [demonic ancestry]
   991 | D:2      | Reached XP level 3. HP: 27/29 MP: 5/5
  1037 | D:2      | Noticed Natasha
  1047 | D:2      | Killed from afar by Natasha

Skill      XL: |  1  2 |
---------------+-------+-----
Long Blades    | 2 |  2.9
Invocations    | 3 |  3.9
Fighting       | |  3.0
Armour         | |  1.7
Dodging        | |  0.8

Action                   || total
-------------------------++-------
Melee: Falchion          ||    77
Invok: Depart the Abyss  ||     1
Armor: Scale mail        ||    54
Dodge: Dodged            ||    59
       Rpst.: Falchion   ||    22
